 Dungeon Crawl Stone Soup version 0.29-a0-923-g6e406bff71 (webtiles) character file.

Game seed: 11776307531556129518

11129 Gargoyl the Cleaver (level 11, -2/71 HPs)
             Began as a Gargoyle Berserker on July 28, 2022.
             Was a Priest of Trog.
             Slain by a culicivora (6 damage)
             ... on level 2 of the Lair of Beasts.
             The game lasted 00:13:57 (11795 turns).

Gargoyl the Cleaver (Gargoyle Berserker)           Turns: 11795, Time: 00:13:57

Health: -2/71      AC: 30    Str: 26    XL:     11   Next: 72%
Magic:  11/11      EV:  9    Int:  9    God:    Trog [***...]
Gold:   860        SH:  6    Dex: 19    Spells: 10/10 levels left

rFire   . . .      SeeInvis .   C - +3 war axe (elec)
rCold   . . .      Faith    .   h - +0 buckler
rNeg    + . .      Spirit   .   y - +0 plate armour
rPois   ∞          Reflect  .   r - +2 helmet
rElec   +          Harm     .   (no cloak)
rCorr   .          Rampage  .   A - +1 pair of gloves
Will    ++...                   x - +1 pair of boots
Stlth   ..........              f - amulet of the acrobat
HPRegen 1.21/turn               o - +6 ring of strength
MPRegen 0.12/turn               F - +6 ring of dexterity

@: strong-willed, regenerating
A: sickness immunity, AC +8, negative energy resistance 1, electricity
resistance, torment resistance 1, petrification resistance
a: Renounce Religion, Berserk, Trog's Hand


You were on level 2 of the Lair of Beasts.
You worshipped Trog.
Trog was most pleased with you.
You visited 2 branches of the dungeon, and saw 12 of its levels.

You collected 860 gold pieces.

Inventory:

Hand Weapons
 d - a +4 vampiric long sword
 j - a +2 morningstar of holy wrath
 C - a +3 war axe of electrocution (weapon)
Missiles
 i - 30 poisoned darts
 B - 3 curare-tipped darts (quivered)
 E - 2 throwing nets
Armour
 h - a +0 buckler (worn)
 r - a +2 helmet (worn)
 x - a +1 pair of boots (worn)
 y - a +0 plate armour (worn)
 A - a +1 pair of gloves (worn)
Jewellery
 f - an amulet of the acrobat (around neck)
 o - a +6 ring of strength (left hand)
 F - a +6 ring of dexterity (right hand)
 H - a +4 ring of protection
 I - a ring of willpower
 K - a ring of fire
Wands
 a - a wand of acid (3)
 p - a wand of roots (17)
 u - a wand of digging (3)
 w - a wand of flame (43)
 D - a wand of polymorph (8)
Scrolls
 n - 4 scrolls of teleportation
 s - 4 scrolls of magic mapping
 G - 2 scrolls of poison
 J - 2 scrolls of identify
Potions
 b - a potion of haste {unknown}
 c - a potion of cancellation
 e - a potion of flight
 g - a potion of berserk rage
 k - 2 potions of might {unknown}
 l - 2 potions of mutation {unknown}
 m - 2 potions of invisibility {unknown}
 q - 2 potions of lignification
 v - a potion of magic {unknown}
 z - a potion of attraction {unknown}


   Skills:
 + Level 9.0 Fighting
 + Level 12.1(12.2) Axes
 + Level 1.4(8.6) Maces & Flails
 + Level 0.2 Throwing
 + Level 9.7 Armour
 + Level 3.5 Dodging
 + Level 1.6 Stealth
 + Level 4.1 Shields


You had 10 spell levels left.
You didn't know any spells.
Your spell library was empty.

Dungeon Overview and Level Annotations

Branches:
Dungeon (10/15)            Temple (0/1) D:6            Lair (2/5) D:10
 Spider (0/4) Lair:2          Orc (0/2) D:10
  Swamp: Lair:2-3    Shoals: Lair:2-3

Altars:
Dithmenos
Elyvilon
Gozag
Kikubaaqudgha
Nemelex Xobeh
Sif Muna
Xom

Annotations:
D:6 Maggie


Innate Abilities, Weirdness & Mutations

You are immune to sickness and miasma.
Your stone body is resilient. (AC +8)
You are immune to poison.
You resist negative energy. (rN+)
You are resistant to electric shocks. (rElec)
You are resistant to unholy torment.
You are immune to petrification.


Message History

The culicivora is moderately wounded.
The culicivora bites you but does no damage.
You slash the culicivora!
The culicivora is severely wounded.
The culicivora bites you! The culicivora bites you.
You closely miss the culicivora.
The culicivora is severely wounded.
The culicivora bites you but does no damage.
You hit the culicivora.
The culicivora is severely wounded.
You block the culicivora's attack.
You completely miss the culicivora.
The culicivora is severely wounded.
The culicivora bites you but does no damage. x2
Your skin crawls.
You feel strong-willed.
The culicivora bites you but does no damage.
You closely miss the culicivora.
The culicivora is severely wounded.
The culicivora bites you but does no damage.
The culicivora barely misses you.
You miss the culicivora.
The culicivora is severely wounded.
The culicivora bites you but does no damage.
You closely miss the culicivora.
The culicivora is severely wounded.
The culicivora bites you!
* * * LOW HITPOINT WARNING * * *
You closely miss the culicivora.
The culicivora is severely wounded.
The culicivora bites you!
* * * LOW HITPOINT WARNING * * *
You block the culicivora's attack.
You miss the culicivora.
The culicivora is severely wounded.
The culicivora bites you but does no damage.
You miss the culicivora.
The culicivora is severely wounded.
The culicivora bites you.
You die...

#..........####....#####..
......#†...†##............
....##......##............
...# ##.....##............
...###.†...##.............
##†^...#.##.............
#^^.†.#.#...............
..>....#.#.#.......<###..#
##.....^#@.....#....##...#
#.#†.##.s..##.P..........
######.....#.......#.....
#..#..##......##.... #..
..#.......##.... #..
..##.#....##..## ##.
.#####....#.#..# .# .#
.....^. .......


You could see a culicivora.

Vanquished Creatures
  2 hydras
  Harold (D:9)
  Pikel (D:6)
  A black mamba (Lair:1)
  A komodo dragon (Lair:2)
  2 trolls
  2 hornets
  3 blink frogs (Lair:1)
  2 culicivoras (Lair:2)
  2 wyverns
  A basilisk (Lair:2)
  6 yaks (D:10)
  2 steam dragons
  2 vampire mosquitoes (D:10)
  2 water moccasins
  A black bear (D:4)
  8 orc warriors
  An ogre (D:5)
  3 centaurs
  A lemure (D:7)
  A kobold brigand (D:9)
  7 bullfrogs
  3 necrophages
  2 scorpions (D:5)
  9 wights
  13 killer bees
  4 howler monkeys
  2 jellies (D:6)
  5 hounds
  6 orc priests
  3 iguanas (D:6)
  22 orc wizards
  Robin (D:3)
  5 gnolls
  2 adders
  A shadow imp (D:7)
  2 white imps
  An ufetubus (D:5)
  4 worms
  6 dart slugs
  59 orcs
  5 endoplasms
  8 giant cockroaches
  21 goblins
  8 hobgoblins
  5 quokkas
  2 ball pythons
  8 bats
  2 frilled lizards
  9 kobolds
  5 rats
275 creatures vanquished.

Vanquished Creatures (collateral kills)
  A kobold brigand (D:8)
  An orc (D:8)
  6 kobolds (D:8)
8 creatures vanquished.

Vanquished Creatures (others)
  A fungus (Lair:2)
  A plant (Lair:2)
2 creatures vanquished.

Grand Total: 285 creatures vanquished

Notes
Turn   | Place    | Note
-------+----------+-------------------------------------------
     0 | D:1      | Gargoyl the Gargoyle Berserker began the quest for the Orb.
     0 | D:1      | Reached XP level 1. HP: 14/14 MP: 1/1
   184 | D:1      | Reached XP level 2. HP: 10/19 MP: 2/2
   568 | D:1      | Reached skill level 3 in Axes
   882 | D:1      | Reached XP level 3. HP: 18/24 MP: 3/3
  1434 | D:2      | Reached ** piety under Trog
  1506 | D:2      | Reached XP level 4. HP: 23/29 MP: 4/4
  1703 | D:2      | Found a faded altar of an unknown god.
  2342 | D:3      | Reached skill level 4 in Axes
  2392 | D:3      | Reached XP level 5. HP: 33/33 MP: 5/5
  2585 | D:3      | Noticed Robin
  2598 | D:3      | Killed Robin
  2600 | D:3      | Reached *** piety under Trog
  2601 | D:3      | Reached XP level 6. HP: 26/39 MP: 6/6
  2865 | D:4      | Reached skill level 5 in Axes
  3059 | D:4      | Found a sparkling altar of Nemelex Xobeh.
  3183 | D:4      | Found an ancient bone altar of Kikubaaqudgha.
  3264 | D:4      | Noticed a black bear
  3282 | D:4      | Killed a black bear
  3283 | D:4      | Reached XP level 7. HP: 17/44 MP: 7/7
  3392 | D:4      | Found an opulent altar of Gozag.
  3419 | D:4      | Found a shimmering blue altar of Sif Muna.
  3550 | D:5      | Entered Level 5 of the Dungeon
  3769 | D:5      | Reached skill level 6 in Axes
  3823 | D:5      | Reached skill level 5 in Fighting
  3913 | D:5      | Noticed a troll
  3923 | D:5      | Killed a troll
  3924 | D:5      | Reached XP level 8. HP: 38/49 MP: 8/8
  4444 | D:6      | Reached skill level 1 in Stealth
  4456 | D:6      | Reached skill level 7 in Axes
  5055 | D:6      | Found a shimmering altar of Xom.
  5276 | D:6      | Found a staircase to the Ecumenical Temple.
  5287 | D:6      | Reached skill level 5 in Armour
  5295 | D:6      | Reached XP level 9. HP: 31/55 MP: 9/9
  5299 | D:6      | HP: 4/82 [wight/+4 morningstar (7)]
  5656 | D:7      | Noticed a hornet
  5676 | D:7      | Noticed Maggie
  5677 | D:7      | Killed a hornet
  5678 | D:7      | Reached skill level 8 in Axes
  5887 | D:7      | Reached skill level 1 in Shields
  6088 | D:7      | Noticed Pikel
  6126 | D:6      | HP: 2/56 [Pikel/+1 whip of flaming (2)]
  6131 | D:6      | HP: 2/56 [Pikel/+1 whip of flaming (2)]
  6143 | D:6      | Killed Pikel
  6887 | D:8      | Reached skill level 9 in Axes
  7073 | D:8      | Reached XP level 10. HP: 62/63 MP: 10/10
  7882 | D:9      | Noticed Harold
  7896 | D:9      | Killed Harold
  7897 | D:9      | Reached skill level 10 in Axes
  8111 | D:9      | Found a white marble altar of Elyvilon.
  8701 | D:9      | Noticed an eight-headed hydra
  8855 | D:9      | Killed an eight-headed hydra
  8856 | D:9      | Reached skill level 11 in Axes
  8856 | D:9      | Reached XP level 11. HP: 44/68 MP: 11/11
  9179 | D:9      | Identified the +4 ring mail of the Cuttlefish {Drain rPois
                  | rF- Dex+6}
  9255 | D:10     | Entered Level 10 of the Dungeon
  9478 | D:10     | Found a staircase to the Lair.
  9603 | D:10     | Reached skill level 1 in Maces & Flails
  9727 | D:10     | Found a staircase to the Orcish Mines.
  9803 | D:10     | Found a shadowy altar of Dithmenos.
 10468 | Lair:1   | Entered Level 1 of the Lair of Beasts
 10536 | Lair:1   | Reached **** piety under Trog
 11558 | Lair:2   | Noticed a five-headed hydra
 11571 | Lair:2   | Killed a five-headed hydra
 11572 | Lair:2   | Reached skill level 12 in Axes
 11694 | Lair:2   | Found a hole to the Spider Nest.
 11793 | Lair:2   | HP: 2/71 [culicivora (17)]
 11795 | Lair:2   | Slain by a culicivora

Illustrated notes

Levels and vault maps discovered:
D:1:      scummos_arrival_simple_crosswalls, layout_basic, minmay_cupped
D:2:      layout_basic, hellmonk_ecumenical_altar_defaced_shrine
D:3:      layout_rooms, uniq_robin
D:4:      layout_rooms, mainiacjoe_overflow_six_doors_small, lemuel_tele_altar,
          mainiacjoe_overflow_catch_the_wave
D:5:      layout_cave_pools
D:6:      layout_rooms, amcnicky_altar_gilded,
          minmay_temple_entry_statues_fountains
D:7:      layout_rooms, lightli_minifort, uniq_maggie, uniq_pikel
D:8:      layout_loops_cross
D:9:      minmay_clustersquares, layout_basic, mainiacjoe_overflow_alcove_1,
          uniq_harold
D:10:     layout_loops_corners, nicolae_dithmenos_through_a_glass_darkly,
          lair_entry_dummy, hiddenorc1_lemuel
Lair:1:   layout_roguey
Lair:2:   layout_regular_city, nicolae_swamp_entry_splash_gauntlet,
          hellmonk_spider_entry_life_and_decay, chequers_serial_rivers_small_3

Skill      XL: |  1  2  3  4  5  6  7  8  9 10 11 |
---------------+----------------------------------+-----
Axes           | 3 4 5 6 7 9 11 12 | 12.1
Fighting       | 4 5 7 8 9 |  9.0
Dodging        | 2 3 |  3.5
Armour         | 3 4 5 7 8 9 |  9.7
Stealth        | 1 |  1.6
Shields        | 2 3 4 |  4.1
Maces & Flails | 1 |  1.4
Throwing       | |  0.2

Action                   |  1- 3 |  4- 6 |  7- 9 | 10-12 || total
-------------------------+-------+-------+-------+-------++-------
Melee: Hand axe          |   138 |   181 |   366 |       ||   685
       Punch             |       |       |     3 |       ||     3
       War axe           |       |       |    38 |   310 ||   348
       Morningstar       |       |       |       |    17 ||    17
Throw: Dart              |       |       |     2 |       ||     2
Invok: Trog's Hand       |       |     4 |    13 |     6 ||    23
       Berserk           |       |     4 |     9 |     4 ||    17
  Use: Scroll            |     5 |     4 |     6 |     5 ||    20
       Potion            |       |       |     4 |       ||     4
Armor: Animal skin       |    15 |       |       |       ||    15
       Ring mail         |    59 |   171 |    89 |       ||   319
       Plate armour      |       |       |   203 |   324 ||   527
       Skin              |       |       |     6 |       ||     6
Dodge: Dodged            |   112 |   184 |   187 |   176 ||   659
Block: Buckler           |       |       |    27 |    83 ||   110

Table legend: (Time is in decaauts)
 A = Elapsed time spent in this place.
 B = Non-inter-level travel time spent in this place.
 C = Inter-level travel time spent in this place.
 D = Time resting spent in this place.
 E = Time spent auto-exploring this place.
 F = Levels seen in this place.
 G = Mean time per level.
                   A        B        C        D        E       F      G
               +--------+--------+--------+--------+--------+-----+--------+
         Total |  11970 |  11651 |    319 |    877 |   8397 |  12 |  997.5 |
       Dungeon |  10636 |  10329 |    307 |    877 |   7254 |  10 | 1063.6 |
          Lair |   1333 |   1321 |     12 |      0 |   1142 |   2 |  666.5 |
               +--------+--------+--------+--------+--------+-----+--------+

Top non-repeatable levels by time:
     D:6: 1876 daAuts
     D:9: 1593 daAuts
     D:1: 1423 daAuts
    D:10: 1222 daAuts
  Lair:1: 904 daAuts
     D:2: 894 daAuts
     D:5: 872 daAuts
     D:8: 801 daAuts
     D:4: 722 daAuts
     D:7: 652 daAuts
     D:3: 579 daAuts
  Lair:2: 428 daAuts
